Zazza, neutral female human Tourist ######)############### --------- #-----.--------------------------- |....... #|...............................| |.......| # #|.----....----- ----+--..----- | |.......| ### #|.|..|---.| . |......<-#########|.|..|((|.| . ---- ---- ### #|.-|-|((|.| -. # #|....|..|.| |.-+ ###|.{..-|--.----- |.. #|..........-..| ----..- #|....-|--..|..| .....+ -- ---- #|.-|-|..|.----| ...| | |......- ###|.|..|..|.-..?|--- ----.-----.| | #|.|..|---.|.[.|..| |..I.......| #|.|..|....|.[[|..| |. |.......| #|.----....-----|---------.....{.| #|...............................| #--------------------------------- Zazza the Rambler Experience level: 1 Strength: 11 Dexterity: 11 Constitution: 12 Intelligence: 15 Wisdom: 9 Charisma: 18 Health: 0(12) Energy: 4(4) Def: 1 Gold: 108 Moves: 2170 Dungeon seed: muKD2X8B9vZyQHcO Game ID: Zazza_1606747756 Your Inventory: Coins $ - 108 gold pieces Weapons a - 22 +2 darts E - 7 +0 daggers (wielded) Armor e - an uncursed +0 Hawaiian shirt (being worn) n - a blessed +1 dwarvish cloak (being worn) q - a blessed +2 pair of leather gloves Comestibles b - 6 uncursed food rations f - an uncursed apple D - an uncursed egg Scrolls i - 3 uncursed scrolls of magic mapping Potions h - 2 uncursed potions of extra healing s - an uncursed potion of polymorph z - an uncursed potion of blindness A - a cursed potion of enlightenment Rings B - an uncursed ring of poison resistance (on left hand) Tools j - an expensive camera (0:89) k - an uncursed credit card H - 10 uncursed tallow candles (0:200) O - a +0 pick-axe P - 3 cursed tallow candles (0:200) Gems r - an uncursed worthless piece of black glass N - an uncursed worthless piece of yellowish brown glass Spells and supernatural/magical abilities: Name Level Category Fail Memory K - cure sickness 3 healing 100% 90% W - pray for help -- divine ? -- Your skills at the end: Fighting Skills Weapon Skills dart [Basic] Spellcasting Skills Final Attributes: You were aligned. You were poison resistant. You were unlucky. The Lady was angry with you. You are dead. Vanquished creatures: a gnome lord a gnomish wizard 3 dwarves a homunculus 11 gnomes a gnome zombie 6 jackals a fox 2 goblins 2 sewer rats 8 grid bugs 2 lichens 2 kobold zombies 5 newts 46 creatures vanquished. Genocided species: gremlins 1 species genocided. Voluntary challenges: You never hit with a wielded weapon. You read items or engraved 14 times, starting on turn 89. You genocided 1 type of monster, starting on turn 705. You never polymorphed an object. You never changed form. You used no wishes. You never split a pudding. You never wrote Elbereth's name. You never violated your personal moral code. Dungeon overview: The Dungeons of Doom: levels 1 to 2 Level 1 a long staircase Level 2 an altar to Blind Io, a fountain stairs to The Gnomish Mines The Gnomish Mines: levels 3 to 5 Level 3 stairs to The Dungeons of Doom Level 4 Level 5 <- You were here some shops, some fountains History has recorded: On T:1 you entered the Dungeons of Doom to retrieve the Amulet of Yendor! On T:301 you reached level 2 of The Dungeons of Doom. On T:1265 you reached level 1 of The Gnomish Mines. On T:1495 you reached level 2 of The Gnomish Mines. On T:1862 you reached level 3 of The Gnomish Mines. Score breakdown: Gold: 0 ( 0 points) Experience: 1 level ( 0 points) Exploration: 5 levels ( 9.62%) ( 8401 points) Discoveries: 13 items ( 4.36%) ( 6265 points) Valuables value: (no points given unless you survive) Artifact value: 0 ( 0 points) Variety of kills: 14 monsters ( 3.67%) ( 5750 points) Turncount: 2170 turns ( -121 points) Survival: died (score multiplied by 80%) Total score: 16236 Latest messages: Pakka Pakka seems uninterested. K - 3 partly used candles (lit) (0:35). You see here a leather armor (4 zorkmids). Armand picks up a chain mail. You see here a pick-axe. O - a pick-axe. The door opens. Your candles' flames flicker low! Your candles are consumed! Their flames die. This door is locked. That door is closed. You don't have that object. You succeed in picking the lock. The door resists! The door opens. The gnome lord hurls a cloudy potion! The phial crashes on your head and breaks into shards. You feel rather tired. It hits! (2x) You die... Final status: Aloha Zazza the Tourist, killed by a gnome lord, while sleeping off potion vapours... You died in The Gnomish Mines on dungeon level 5 with 16236 points, and 108 pieces of gold, after 2170 moves. You were level 1 with a maximum of 12 hit points when you died.